 Dungeon Crawl Stone Soup version 0.16-a0-3911-g06eb01e (webtiles) character file.

527 abixa the Charlatan (level 7, -1/50 HPs)
             Began as a Human Artificer on Feb 3, 2015.
             Slain by an ogre
             ... wielding a +0 giant club
              (20 damage)
             ... on level 4 of the Dungeon.
             The game lasted 00:26:21 (6851 turns).

abixa the Charlatan (Human Artificer)               Turns: 6851, Time: 00:26:21

Health: -1/50      AC:  8    Str: 11    XL:     7   Next: 47%
Magic:  16/16      EV:  5    Int: 13    God:
Gold:   226        SH:  0    Dex: 15    Spells: 0 memorised, 6 levels left

rFire  . . .     SeeInvis .     a - +2 dagger (venom)
rCold  . . .     Clarity  .     y - +0 chain mail
rNeg   . . .     SustAb   .     (no shield)
rPois  .         Gourm    .     (no helmet)
rElec  .         Spirit   .     (no cloak)
rCorr  .         Warding  .     (no gloves)
rMut   .         Stasis   .     (no boots)
MR     .....                    (no amulet)
Stlth  ..........               (no ring)
                                (no ring)

@: not resistant to hostile enchantments, extremely unstealthy
A: no striking features
a: no special abilities


You were on level 4 of the Dungeon.
You were very hungry.

You visited 1 branch of the dungeon, and saw 4 of its levels.

You collected 226 gold pieces.

Inventory:

Hand weapons
 a - a +2 dagger of venom (weapon)
 b - a +0 hunting sling
 s - a +0 long sword
 w - a +0 trident
 B - a +0 short sword of draining
Missiles
 g - 26 bolts
 h - 110 stones (quivered)
 j - 41 sling bullets
Armour
 e - a +0 leather armour
 y - a +0 chain mail (worn)
 F - a cursed -1 robe
 G - a +1 robe of cold resistance
Magical devices
 c - a wand of enslavement (14)
 d - a wand of random effects (9)
 p - a wand of flame (14)
Scrolls
 k - 6 scrolls of identify {unknown}
 n - a scroll of enchant weapon {unknown}
 q - a scroll of noise {unknown}
 t - a scroll of teleportation {unknown}
 v - a scroll of remove curse {unknown}
 x - a scroll of fog {unknown}
 A - a scroll of magic mapping {unknown}
 D - a scroll of blinking {unknown}
Potions
 l - a potion of restore abilities {unknown}
 m - 2 potions of poison {unknown}
 o - a potion of mutation {unknown}
 r - 2 potions of heal wounds
 u - a potion of flight {unknown}
 z - a potion of curing {unknown}
 E - a potion of ambrosia {unknown}
Books
 C - Jessica's Incunabulum of Malediction
   (You found it on level 3 of the Dungeon)

   Spells                             Type                      Level
   a - Ensorcelled Hibernation        Hexes/Ice                    2
Comestibles
 f - 2 bread rations
 i - a meat ration
 H - a slice of pizza


   Skills:
 + Level 2.1 Fighting
 - Level 1.0(1.2) Short Blades
 - Level 1.0(1.2) Long Blades
 + Level 1.3 Armour
 - Level 2.8 Dodging
 - Level 1.0 Stealth
 * Level 7.7 Evocations


You had 6 spell levels left.
You didn't know any spells.

Dungeon Overview and Level Annotations

Branches:
Dungeon (4/15)
 Temple: D:4-7

Altars:
Sif Muna
Trog
Vehumet
The Shining One

Annotations:
D:3 2 exclusions, ConnectionFaild's ghost, weakling SpAr
D:4 timbw's ghost, average HEIE


Message History

An ogre is nearby!
There is an open door here.
There is an open door here.
Found a scroll labeled RISIOQ MUSANI.
Found a stone staircase leading down.
Things that are here:
a falchion; an orc skeleton
Things that are here:
a leather armour; a trident You hit the ogre.
The ogre is lightly wounded.
The ogre hits you with a giant club!
You hit the ogre but do no damage.
The ogre is poisoned.
The ogre is lightly wounded.
The ogre hits you with a giant club!!
You are feeling very hungry.
You hit the ogre.
The ogre is severely wounded.
The ogre hits you with a giant club!!
You die...

. ###.##....O..#....#.....#..#####.
.##...########.#.........##..# #.
.....#...# #.#..####....#..## ##'
.....#...#####.#.....#.#..#..)# #..
.....#...#...#O#.<#..#.#..#.#.# #..
.....#...#...#.#####.#.#..#.#.###..
###'##...#...'.#...†......#.#..##..
###'##...#...###.###.#.#..#.##.###'
.......(.##.## #.@.#.#.#..#.##.# #.
........(.#.######O#.#.#..#.##.# #.
...^....((#.#....#.#.#.#.##.##.# #.
........((#......#.#.#......##.###.
........((#...####.#.###.#####..##.
......###(#...........##.#.........
......# #.#..###.#.#####.#.####.##.
####### #.#........#####.#.####..#.
######...)#....#......#.......#.


You could see an ogre.

Vanquished Creatures
  2 iguanas
  2 worker ants (D:4)
  5 orc wizards
  2 gnolls (D:3)
  10 adders
  3 worms (D:3)
  A giant gecko (D:3)
  11 orcs
  A ball python (D:2)
  13 bats
  7 giant cockroaches
  16 goblins
  18 hobgoblins
  3 giant newts
  6 jackals
  A jackal skeleton (D:4)
  19 kobolds
  2 quokkas (D:3)
  12 rats
134 creatures vanquished.

Vanquished Creatures (collateral kills)
  An orc wizard (D:3)
  Jessica (D:3)
  A gnoll (D:3)
  2 orcs (D:3)
  A jackal (D:3)
6 creatures vanquished.

Grand Total: 140 creatures vanquished

Notes
Turn   | Place    | Note
--------------------------------------------------------------
     0 | D:1      | abixa, the Human Artificer, began the quest for the Orb.
     0 | D:1      | Reached XP level 1. HP: 15/15 MP: 1/1
   157 | D:1      | Reached XP level 2. HP: 18/21 MP: 3/3
   454 | D:1      | Reached skill level 4 in Evocations
   707 | D:1      | Reached XP level 3. HP: 21/26 MP: 5/5
   844 | D:1      | Found a glowing golden altar of the Shining One.
  1994 | D:2      | Reached XP level 4. HP: 32/32 MP: 7/7
  2127 | D:2      | Reached skill level 5 in Evocations
  2602 | D:2      | Reached XP level 5. HP: 35/37 MP: 9/9
  2607 | D:2      | Found a deep blue altar of Sif Muna.
  2892 | D:2      | Found a bloodstained altar of Trog.
  2933 | D:2      | Found a radiant altar of Vehumet.
  3025 | D:3      | Noticed ConnectionFaild's ghost (weakling SpAr)
  3033 | D:3      | Reached skill level 6 in Evocations
  3047 | D:3      | HP: 1/37 [jackal (3)]
  3710 | D:3      | Reached XP level 6. HP: 43/43 MP: 12/12
  3944 | D:3      | Reached skill level 7 in Evocations
  4056 | D:3      | Noticed Jessica
  4071 | D:3      | Killed Jessica
  4099 | D:3      | Reached skill level 1 in Long Blades
  4164 | D:3      | Identified Jessica's Incunabulum of Malediction
  5088 | D:4      | Reached XP level 7. HP: 27/48 MP: 15/15
  5419 | D:4      | Noticed timbw's ghost (average HEIE)
  6180 | D:4      | Reached skill level 1 in Armour
  6851 | D:4      | Slain by an ogre

Action                   |  1- 3 |  4- 6 |  7- 9 || total
-------------------------+-------+-------+-------++-------
Melee: Short sword       |   175 |   160 |       ||   335
       Dagger            |       |    39 |    79 ||   118
 Fire: Hunting sling     |       |   116 |    23 ||   139
Throw: Stone             |       |       |     1 ||     1
Evoke: Wand              |     1 |     2 |     5 ||     8
  Use: Potion            |       |     1 |       ||     1
 Stab: Distracted        |     2 |       |       ||     2
  Eat: Chunk             |     3 |    10 |     5 ||    18
